 Dungeon Crawl Stone Soup version 0.30-a0-1085-g990a428a5c (webtiles) character file.

Game seed: 7858774734255879573

20 xian the Vexing (level 2, 0/19 HPs)
             Began as a Demonspawn Enchanter on Apr 16, 2023.
             Slain by a cerulean imp
             ... wielding a +0 spear
             ... summoned by Natasha
              (3 damage)
             ... on level 2 of the Dungeon.
             The game lasted 00:02:46 (1372 turns).

xian the Vexing (Demonspawn Enchanter)              Turns: 1372, Time: 00:02:46

Health: 0/19       AC:  4    Str:  8    XL:     2   Next: 58%
Magic:  5/5        EV: 11    Int: 16    God:
Gold:   152        SH:  0    Dex: 13    Spells: 3/5 levels left

rFire   . . .      SeeInvis .    a - +1 dagger (pain)
rCold   . . .      Faith    .    (no shield)
rNeg    . . .      Spirit   .    l - +0 leather armour
rPois   .          Reflect  .    (no helmet)
rElec   .          Rampage  .    (no cloak)
rCorr   .                        f - +0 pair of gloves
Will    .....                    (no boots)
Stlth   ++                       (no amulet)
HPRegen 0.23/turn                (no ring)
MPRegen 0.09/turn                (no ring)

@: no status effects
A: powered by pain 1
a: no special abilities


You were on level 2 of the Dungeon.
You visited 1 branch of the dungeon, and saw 2 of its levels.

You collected 152 gold pieces.

Inventory:

Hand Weapons
 a - a +1 dagger of pain (weapon)
Missiles
 b - 2 poisoned darts
 h - 2 curare-tipped darts
 i - 12 stones (quivered)
Armour
 f - a +0 pair of gloves (worn)
 l - a +0 leather armour (worn)
Scrolls
 e - a scroll of identify {unknown}
 g - a scroll of enchant armour {unknown}
 j - a scroll of teleportation {unknown}
 m - 2 scrolls of torment {unknown}
 n - a scroll of immolation {unknown}
Potions
 c - 2 potions of invisibility
 d - 3 potions of heal wounds {unknown}
 k - 2 potions of lignification {unknown}


   Skills:
 + Level 1.0 Short Blades
 * Level 0.1 Armour
 + Level 2.0 Dodging
 + Level 3.0 Stealth
 + Level 0.1 Unarmed Combat
 + Level 2.0 Spellcasting
 + Level 3.3 Hexes


You had 3 spell levels left.
You knew the following spells:

 Your Spells              Type           Power      Damage    Failure   Level
a - Ensorcelled Hibernat  Hex/Ice        12%        N/A       24%         2

Your spell library contained the following spells:

 Spells                   Type           Power      Damage    Failure   Level
 Confusing Touch          Hex            12%        N/A       24%         3
 Tukima's Dance           Hex            12%        N/A       24%         3
 Dazzling Flash           Conj/Hex       12%        N/A       43%         3
 Manifold Assault         Tloc           1%         N/A       96%         4
 Dispersal                Tloc           0%         N/A       100%        6
 Disjunction              Tloc           0%         N/A       100%        8


Dungeon Overview and Level Annotations

Branches:
Dungeon (2/15)

Altars:

Annotations:
D:2 Natasha


Innate Abilities, Weirdness & Mutations

You sometimes gain a little power by taking damage.


Message History

There is an open door here.
The helpless ball python fails to defend itself.
You puncture the ball python!
You kill the ball python!
A rat comes into view.
The rat bites you but does no damage.
You hit the rat.
You kill the rat!
You see here a rat corpse.
You open the door.
A hobgoblin comes into view.
Found a scroll labelled TARGHO PUIM.
Natasha, Servant of Life and Death comes into view.
She is carrying a wand of roots (7).
There is an open door here.
Found a runed iron ring.
The helpless hobgoblin fails to defend itself.
You puncture the hobgoblin!
You kill the hobgoblin!
Natasha hisses angrily.
You see here a scroll labelled TARGHO PUIM.
m - 2 scrolls labelled TARGHO PUIM (gained 1) Natasha zaps a wand.
The roots erupt in riotous growth!
The grasping roots grab you!
Natasha is unaffected.
The grasping roots constrict you.
You closely miss Natasha. Natasha casts a spell at you.
You resist with significant effort. The grasping roots constrict you!
You hit Natasha but do no damage. Natasha claws you.
The grasping roots constrict you.
* * * LOW HITPOINT WARNING * * *
The grasping roots release their grip on you.
You closely miss Natasha.
Natasha drinks a potion.
Natasha seems to grow stronger.
You closely miss Natasha.
Natasha casts a spell.
You hit Natasha.
Natasha is lightly wounded.
Natasha claws you but does no damage.
The cerulean imp hits you from afar with a +0 spear.
You die...

#
#.##......#.
#.###...#....
#.......#####
######.## #.#
##'## ##...##
##†....##
#..@....#
#...h.....#
+...5.....+
#.........#
##.......##
##....=##
##...## ##+##


You could see Natasha (strong) and a cerulean imp (summoned).

Vanquished Creatures
  A bat (D:1)
  A goblin (D:1)
  2 hobgoblins
  4 jackals (D:1)
  A quokka (D:1)
  2 ball pythons
  A frilled lizard (D:1)
  3 kobolds (D:1)
  4 rats
19 creatures vanquished.

Notes
Turn   | Place    | Note
-------+----------+-------------------------------------------
     0 | D:1      | xian the Demonspawn Enchanter began the quest for the Orb.
     0 | D:1      | Reached XP level 1. HP: 13/13 MP: 3/3
   245 | D:1      | Gained mutation: You sometimes gain a little power by
                  | taking damage. [demonic ancestry]
   245 | D:1      | Reached XP level 2. HP: 13/19 MP: 5/5
   248 | D:1      | Learned a level 2 spell: Ensorcelled Hibernation
   285 | D:1      | Reached skill level 1 in Short Blades
   930 | D:1      | Found a faded altar of an unknown god.
  1362 | D:2      | Noticed Natasha
  1372 | D:2      | Slain by a cerulean imp

Illustrated notes

Levels and vault maps discovered:
D:1:      minmay_arrival_wavy_path, layout_basic,
          dreamdust_ecumenical_altar_sealed_demon, minmay_hexomino_f4
D:2:      layout_loops_corners, basic_altar, uniq_natasha

Skill      XL: |  1  2 |
---------------+-------+-----
Stealth        | 3 |  3.0
Short Blades   | 1 |  1.0
Dodging        | 2 |  2.0
Armour         | |  0.1
Unarmed Combat | |  0.1
Spellcasting   | |  2.0
Hexes          | |  3.3

Action                     || total
---------------------------++-------
  Melee: Dagger            ||    90
         Punch             ||     2
         Unarmed           ||    31
  Throw: Stone             ||     3
   Stab: Sleeping          ||     5
 Armour: Robe              ||    15
         Leather armour    ||    35
  Dodge: Dodged            ||    86

Table legend: (Time is in decaauts)
 A = Elapsed time spent in this place.
 B = Non-inter-level travel time spent in this place.
 C = Inter-level travel time spent in this place.
 D = Time resting spent in this place.
 E = Time spent auto-exploring this place.
 F = Levels seen in this place.
 G = Mean time per level.
                   A        B        C        D        E       F      G
               +--------+--------+--------+--------+--------+-----+--------+
         Total |   1367 |   1161 |    206 |      0 |    864 |   2 |  683.5 |
       Dungeon |   1367 |   1161 |    206 |      0 |    864 |   2 |  683.5 |
               +--------+--------+--------+--------+--------+-----+--------+

Top non-repeatable levels by time:
     D:1: 1158 daAuts
     D:2: 209 daAuts
